 Dungeon Crawl Stone Soup version 0.23.2-40-g277498a001 (webtiles) character file.

Game seed: 15146692149223096706

184 Amplified the Skirmisher (level 5, -1/43 HPs)
             Began as a Mummy Monk on Sept 9, 2019.
             Slain by a mummy (16 damage)
             ... in an ossuary.
             The game lasted 00:04:26 (2850 turns).

Amplified the Skirmisher (Mummy Monk)               Turns: 2850, Time: 00:04:26

Health: -1/43      AC:  8    Str: 15    XL:     5   Next: 36%
Magic:  5/5        EV:  4    Int: 10    God:
Gold:   125        SH:  7    Dex: 14    Spells: 4/4 levels left

rFire    x . .     SeeInvis .   a - +0 mace
rCold    + + .     Gourm    .   c - +0 shield (curse)
rNeg     + + +     Faith    .   d - +0 chain mail {rC+}
rPois    ∞         Spirit   .   (no helmet)
rElec    .         Reflect  .   (no cloak)
rCorr    .         Harm     .   (no gloves)
MR       .....                  (no boots)
Stlth    ..........             (no amulet)
HPRegen  0.14/turn              (no ring)
MPRegen  0.09/turn              (no ring)

@: no status effects
A: no food or potions, fire vulnerability, cold resistance 1, negative energy
resistance 3, torment resistance, unbreathing
a: no special abilities


You were in an ossuary.
You were not hungry.

You visited 1 branch of the dungeon, and saw 4 of its levels.
You also visited: Ossuary.

You collected 125 gold pieces.

Inventory:

Hand Weapons
 a - a +0 mace (weapon)
Armour
 b - a +1 robe
 c - a cursed +0 shield (worn)
 d - a +0 chain mail of cold resistance (worn)


   Skills:
 * Level 4.4 Fighting
 * Level 3.7 Maces & Flails
 - Level 3.0 Dodging
 - Level 1.5 Stealth
 * Level 0.3 Shields


You had 4 spell levels left.
You didn't know any spells.
Your spell library was empty.

Dungeon Overview and Level Annotations

Branches:
Dungeon (4/15)
 Temple: D:4-7

Altars:
Wu Jian


Innate Abilities, Weirdness & Mutations

You do not eat or drink.
Your flesh is vulnerable to fire.
You are immune to poison.
Your flesh is cold resistant. (rC+)
You are immune to negative energy. (rN+++)
You are immune to unholy pain and torment.
You can survive without breathing.


Message History

You hit the mummy.
The mummy is heavily damaged.
The mummy hits you!
You are too injured to fight recklessly!
You are too injured to fight recklessly!
You hit the mummy.
The mummy is heavily damaged.
The mummy hits you.
You closely miss the mummy.
The mummy is heavily damaged.
The mummy hits you.
You hit the mummy.
The mummy is severely damaged.
You hit the mummy.
The mummy is severely damaged.
The mummy hits you.
Your shield and chain mail prevent you from hitting the mummy.
The mummy is severely damaged.
The mummy hits you!
You die...

^# #..^# ^# #^^^#
'# ###'# .# #...#
.# #...# .# #...#
.# #...#
################M##
^#...#^.^^#...'.@^#
^'...#^.^^#...#^^^#
.#...'.^..'...#.^∩#
###################


You could see a mummy.

Vanquished Creatures
  A crimson imp (D:4)
  A worker ant (D:4)
  A mummy (Ossuary)
  3 adders
  11 adder zombies (Ossuary)
  An adder skeleton (D:4)
  2 orcs
  3 bats
  2 giant cockroaches
  4 gnoll zombies (Ossuary)
  3 hobgoblins
  A quokka (D:3)
  4 frilled lizards
  3 goblins
  2 hobgoblin zombies (Ossuary)
  A jackal skeleton (D:4)
  6 kobolds
  6 kobold zombies (Ossuary)
  3 orc zombies (Ossuary)
  A rat (D:1)
59 creatures vanquished.

Vanquished Creatures (others)
  2 plants (D:4)
2 creatures vanquished.

Grand Total: 61 creatures vanquished

Notes
Turn   | Place    | Note
-------+----------+-------------------------------------------
     0 | D:1      | Amplified the Mummy Monk began the quest for the Orb.
     0 | D:1      | Reached XP level 1. HP: 18/18 MP: 1/1
   340 | D:2      | Reached XP level 2. HP: 14/24 MP: 2/2
  1731 | D:1      | Reached XP level 3. HP: 29/29 MP: 3/3
  2140 | D:4      | Reached XP level 4. HP: 31/37 MP: 4/4
  2161 | D:4      | Reached skill level 4 in Fighting
  2261 | D:4      | Found an ornate altar of the Wu Jian Council.
  2315 | D:4      | Found a sand-covered staircase.
  2324 | Ossuary  | Entered an ossuary
  2547 | Ossuary  | Reached XP level 5. HP: 35/42 MP: 5/5
  2850 | Ossuary  | Slain by a mummy

Skill      XL: |  1  2  3  4 |
---------------+-------------+-----
Maces & Flails | 3 |  3.7
Fighting       | 4 |  4.4
Dodging        | 3 |  3.0
Stealth        | |  1.5
Shields        | |  0.3

Action                   |  1- 3 |  4- 6 || total
-------------------------+-------+-------++-------
Melee: Mace              |   129 |   187 ||   316
Throw: Tomahawk          |     5 |       ||     5
  Use: Scroll            |     1 |     1 ||     2
 Stab: Sleeping          |     2 |       ||     2
Armor: Robe              |    19 |       ||    19
       Chain mail        |    22 |    86 ||   108
Dodge: Dodged            |   116 |    36 ||   152
Block: Shield            |       |    51 ||    51
